Map: Dusk Towers

Players

EatsRainbows

  • Race: Protoss Protoss
  • League: Gold

IIIIIIIIIIII - Winner!

  • Race: Protoss Protoss
  • League: Platinum

VOD

Have the link to the VOD?

Description

Time

  • Played on: May 4, 2016, 2:59 a.m.
  • Length: 14:28
Show
View Real Time Build Order
Export as new Build Order

EatsRainbows Protoss 

Build Orders: 1 Gate Expand, Blink Stalkers 

Get SALT Encoding   

  12  0:01  Probe (Chrono Boost)  
  13  0:11  Probe (Chrono Boost)  
  14  0:18  Pylon  
  14  0:22  Probe (Chrono Boost)  
  15  0:37  Probe (Chrono Boost)  
  15  0:42  Gateway  
  16  0:43  Assimilator  
  16  0:47  Probe (Chrono Boost)  
  17  0:58  Probe (Chrono Boost)  
  18  1:09  Probe (Chrono Boost)  
  19  1:24  Nexus  
  19  1:30  Probe (Chrono Boost)  
  20  1:40  Assimilator  
  20  1:44  Cybernetics Core  
  20  1:57  Probe (Chrono Boost)  
  21  2:07  Probe (Chrono Boost)  
  22  2:18  Probe (Chrono Boost)  
  23  2:33  Twilight Council  
  23  2:36  Probe (Chrono Boost)  
  24  2:41  Probe (Chrono Boost)  
  25  2:47  Probe (Chrono Boost)  
  25  2:52  Warp Gate, Mothership Core (Chrono Boost)  
  25  2:54  Stalker  
  29  2:58  Pylon  
  29  3:00  Probe (Chrono Boost)  
  29  3:05  Pylon  
  30  3:07  Assimilator  
  30  3:10  Probe x2 (Chrono Boost)  
  32  3:19  Blink  
  32  3:21  Probe x2 (Chrono Boost)  
  34  3:32  Robotics Facility  
  34  3:33  Probe (Chrono Boost)  
  35  3:38  Probe (Chrono Boost)  
  35  3:58  Probe x2 (Chrono Boost)  
  37  4:09  Probe x2 (Chrono Boost)  
  39  4:10  Forge  
  39  4:13  Gateway x2  
  39  4:19  Probe x2 (Chrono Boost)  
  39  4:21  Observer  
  42  4:26  Stalker  
  42  4:30  Probe x2 (Chrono Boost)  
  46  4:40  Probe x2 (Chrono Boost)  
  48  4:50  Stargate  
  48  4:51  Probe x2 (Chrono Boost)  
  48  4:54  Immortal, Protoss Ground Weapons Level 1  
  52  5:07  Stalker  
  54  5:15  Assimilator  
  54  5:16  Pylon  
  54  5:18  Pylon  
  54  5:31  Nexus  
  54  5:33  Probe (Chrono Boost)  
  54  5:34  Probe (Chrono Boost), Pylon  
  58  5:43  Probe  
  58  5:45  Stalker x2  
  58  5:46  Probe  
  64  5:54  Probe  
  64  5:55  Void Ray (Chrono Boost)  
  64  6:10  Probe  
  63  6:11  Probe  
  65  6:21  Probe  
  65  6:22  Stalker  
  65  6:23  Probe, Stalker x2  
  73  6:32  Probe, Void Ray (Chrono Boost)  
  77  6:36  Pylon  
  78  6:42  Probe  
  78  6:43  Probe, Observer  
  78  6:44  Probe  
  82  6:52  Stalker x3  
  88  6:55  Probe  
  88  6:58  Gateway  
  88  6:59  Assimilator  
  89  7:08  Probe  
  89  7:10  Probe  
  89  7:14  Void Ray (Chrono Boost)  
  89  7:15  Protoss Air Weapons Level 1  
  95  7:17  Protoss Ground Weapons Level 2  
  91  7:29  Stalker x3  
  92  7:43  Immortal  
  92  7:54  Void Ray (Chrono Boost)  
  88  8:25  Probe, Stalker x4  
  88  8:26  Probe  
  96  8:31  Void Ray (Chrono Boost)  
  96  8:33  Pylon  
  88  8:48  Pylon  
  88  8:49  Pylon x2  
  88  8:53  Gateway, Assimilator  
  88  8:54  Gateway  
  88  8:55  Stalker x4  
  92  9:02  Pylon  
  96  9:09  Void Ray (Chrono Boost)  
  100  9:22  Photon Cannon  
  100  9:24  Stalker x4  
  104  9:25  Gateway  
  104  9:27  Gateway  
  104  9:30  Gateway  
  101  9:40  Probe  
  101  9:42  Probe x2  
  104  9:49  Pylon, Void Ray (Chrono Boost)  
  104  9:50  Stalker x2  
  104  9:51  Probe, Stalker x2  
  117  9:54  Probe  
  117  9:56  Forge  
  118  10:01  Photon Cannon  
  118  10:02  Photon Cannon  
  118  10:14  Stalker x3  
  118  10:15  Stalker  
  120  10:40  Nexus  
  120  10:47  Pylon  
  120  10:49  Pylon  
  116  10:59  Fleet Beacon  
  116  11:01  Gateway  
  116  11:07  Stargate  
  116  11:09  Stargate  
  116  11:13  Probe x2  
  116  11:14  Probe, Assimilator  
  116  11:18  Void Ray (Chrono Boost)  
  123  11:20  Assimilator  
  123  11:31  Protoss Ground Armor Level 1 (Chrono Boost)  
  123  11:35  Protoss Shields Level 1 (Chrono Boost)  
  123  11:37  Protoss Air Armor Level 1  
  123  11:47  Graviton Catapult  
  123  11:56  Probe  
  123  11:57  Probe  
  123  11:58  Carrier  
  130  12:14  Void Ray x2  
  135  12:40  Stalker x3  
  135  12:41  Probe, Stalker x2  
  146  12:57  Carrier  
  152  13:01  Carrier  
  158  13:19  Probe  
  158  13:20  Probe  
  158  13:21  Probe x2  
  158  13:24  Zealot x5  
  158  13:25  Zealot  
  180  13:31  Probe  
  180  14:03  Pylon  
  180  14:05  Pylon  
  180  14:07  Pylon  
  180  14:08  Pylon  
Show
View Real Time Build Order
Export as new Build Order

IIIIIIIIIIII Protoss - Winner!

Build Orders: 1 Gate Expand 

Get SALT Encoding   

  12  0:03  Probe (Chrono Boost)  
  13  0:13  Probe (Chrono Boost)  
  14  0:18  Pylon  
  14  0:24  Probe (Chrono Boost)  
  15  0:36  Probe (Chrono Boost)  
  15  0:38  Gateway  
  15  0:42  Assimilator  
  16  0:47  Probe (Chrono Boost)  
  17  0:58  Probe (Chrono Boost)  
  18  1:11  Probe (Chrono Boost)  
  19  1:21  Probe (Chrono Boost)  
  20  1:30  Nexus  
  20  1:38  Cybernetics Core  
  20  1:47  Assimilator  
  20  2:00  Pylon  
  20  2:01  Probe (Chrono Boost)  
  21  2:11  Probe (Chrono Boost)  
  22  2:18  Adept (Chrono Boost)  
  22  2:20  Warp Gate (Chrono Boost)  
  24  2:29  Gateway  
  24  2:35  Pylon  
  23  2:41  Probe  
  24  2:47  Adept (Chrono Boost)  
  26  2:56  Mothership Core (Chrono Boost)  
  28  2:59  Probe (Chrono Boost)  
  29  3:11  Probe (Chrono Boost)  
  30  3:15  Probe (Chrono Boost)  
  31  3:22  Probe  
  32  3:32  Probe  
  33  3:34  Probe  
  33  3:36  Stargate  
  34  3:58  Probe (Chrono Boost)  
  34  3:59  Probe (Chrono Boost)  
  34  4:08  Gateway  
  34  4:09  Probe (Chrono Boost), Gateway  
  35  4:10  Pylon  
  35  4:11  Probe (Chrono Boost)  
  35  4:13  Pylon  
  36  4:19  Probe, Phoenix (Chrono Boost)  
  36  4:23  Probe  
  40  4:24  Adept x2  
  40  4:30  Probe  
  44  4:31  Assimilator  
  47  4:45  Phoenix (Chrono Boost)  
  47  4:53  Probe  
  47  4:55  Probe  
  47  4:59  Pylon  
  49  5:02  Adept x2  
  53  5:10  Phoenix (Chrono Boost)  
  55  5:14  Nexus  
  55  5:15  Probe  
  55  5:17  Probe  
  57  5:25  Assimilator  
  57  5:30  Stargate  
  57  5:35  Phoenix (Chrono Boost)  
  59  5:42  Pylon  
  59  5:46  Probe  
  60  5:59  Phoenix (Chrono Boost)  
  62  6:12  Zealot x3  
  62  6:13  Zealot  
  62  6:15  Pylon  
  72  6:20  Phoenix (Chrono Boost)  
  72  6:21  Phoenix (Chrono Boost)  
  74  6:26  Probe x2  
  74  6:28  Probe, Pylon  
  77  6:36  Probe  
  77  6:37  Probe  
  79  6:42  Robotics Facility  
  79  6:50  Phoenix (Chrono Boost)  
  79  6:51  Probe, Zealot  
  79  6:53  Phoenix (Chrono Boost)  
  86  7:01  Pylon  
  86  7:06  Zealot x3  
  92  7:10  Probe x2  
  92  7:11  Probe  
  95  7:16  Forge  
  91  7:46  Phoenix (Chrono Boost)  
  91  7:48  Immortal  
  91  7:50  Phoenix (Chrono Boost)  
  99  7:52  Zealot x3  
  99  7:53  Zealot  
  103  8:14  Zealot x4  
  101  8:35  Phoenix (Chrono Boost)  
  101  8:38  Probe, Phoenix (Chrono Boost), Immortal  
  110  8:42  Assimilator  
  110  8:45  Assimilator  
  110  8:50  Pylon  
  110  8:51  Zealot x3  
  110  8:52  Nexus  
  110  8:54  Protoss Ground Weapons Level 1 (Chrono Boost)  
  116  8:59  Twilight Council  
  116  9:07  Pylon  
  116  9:10  Pylon  
  116  9:12  Probe x2  
  118  9:21  Robotics Facility  
  118  9:44  Blink (Chrono Boost)  
  118  9:46  Stalker x2  
  118  9:47  Stalker x2  
  126  10:04  Gateway  
  126  10:06  Gateway  
  120  10:09  Gateway  
  120  10:11  Stalker x4  
  126  10:15  Phoenix  
  126  10:18  Phoenix  
  130  10:29  Pylon  
  130  10:32  Pylon  
  130  10:34  Stalker  
  130  10:35  Stalker x3  
  134  10:37  Phoenix  
  136  10:44  Pylon  
  136  10:48  Protoss Ground Weapons Level 2 (Chrono Boost)  
  136  10:49  Probe  
  137  10:52  Assimilator  
  137  10:58  Assimilator  
  137  11:02  Phoenix  
  137  11:05  Phoenix  
  141  11:13  Templar Archives  
  141  11:21  Probe x2  
  141  11:22  Probe x2  
  145  11:34  Protoss Air Weapons Level 1 (Chrono Boost)  
  145  11:42  Psionic Storm  
  145  11:43  Probe x2  
  147  11:56  High Templar x2, Gateway  
  147  11:57  High Templar x4, Gateway  
  147  11:59  Gateway  
  159  12:10  Probe  
  160  12:26  Nexus  
  160  12:28  Pylon  
  160  12:35  Phoenix x2  
  160  12:42  High Templar x3  
  160  12:43  High Templar x4  
  178  12:48  Archon x2  
  178  12:49  Archon  
  178  12:53  High Templar  
  180  13:01  Probe  
  181  13:06  Pylon  
  181  13:07  Pylon  
  181  13:17  High Templar x2  
  181  13:18  High Templar  
  187  13:28  Dark Shrine  
  185  13:45  Zealot x2  
  185  13:46  Zealot x4  
  197  14:04  Zealot  
  167  14:24  Zealot x6  
  161  14:25  Zealot x4  
Tags
 
Add a new tag
Caveats
  • Supply blocks, unpowered buildings, or Contaminate may cause inaccurate times.
  • Supply counts are checked every 10 seconds.